 Dungeon Crawl Stone Soup version 0.17.0-28-g6e173f8 (webtiles) character file.

205 dohliylev the Covert (level 5, -1/38 HPs)
             Began as a Vampire Assassin on Nov 29, 2015.
             Slain by a scorpion (6 damage)
             ... on level 4 of the Dungeon.
             The game lasted 00:08:31 (2060 turns).

dohliylev the Covert (Vampire Assassin)             Turns: 2060, Time: 00:08:31

Health: -1/38      AC:  5    Str: 10    XL:     5   Next: 52%
Magic:  14/14      EV: 13    Int: 13    God:
Gold:   158        SH:  0    Dex: 17    Spells: 0 memorised, 4 levels left

rFire  . . .     SeeInvis +     a - +2 dagger
rCold  . . .     Clarity  .     c - +0 robe
rNeg   + . .     SustAt   .     (no shield)
rPois  .         Gourm    .     (no helmet)
rElec  .         Spirit   .     d - +0 cloak
rCorr  .         Warding  .     (no gloves)
rMut   .         Stasis   .     m - +1 pair of boots
MR     .....                    (no amulet)
Stlth  +++++.....               (no ring)
                                o - ring of magical power

@: lethally poisoned (-1 -> -4), not resistant to hostile enchantments, quite
stealthy
A: fangs 3, see invisible, unbreathing
a: Bat Form


You were on level 4 of the Dungeon.
You were not thirsty.

You visited 1 branch of the dungeon, and saw 4 of its levels.

You collected 158 gold pieces.

Inventory:

Hand Weapons
 a - a +2 dagger (weapon)
 b - a +0 blowgun
Missiles
 e - 7 poisoned needles
 f - 2 curare-tipped needles
Armour
 c - a +0 robe (worn)
 d - a +0 cloak (worn)
 m - a +1 pair of boots (worn)
Jewellery
 o - a ring of magical power (left hand)
Scrolls
 h - 2 scrolls of remove curse {unknown}
 i - a scroll of enchant weapon {unknown}
 l - a scroll of blinking {unknown}
 n - a scroll of recharging {unknown}
 p - a scroll of enchant armour {unknown}
 r - a scroll of magic mapping {unknown}
 s - a scroll of fog {unknown}
 t - a scroll of random uselessness {unknown}
 w - a scroll of identify {unknown}
Potions
 g - 2 potions of blood
 j - a potion of invisibility {unknown}
 k - a potion of cancellation {unknown}
 q - 2 potions of curing {unknown}
 u - a potion of ambrosia {unknown}
 v - a potion of brilliance {unknown}


   Skills:
 + Level 2.1 Fighting
 + Level 2.9 Short Blades
 + Level 1.7 Throwing
 + Level 2.2 Dodging
 + Level 9.1 Stealth


You had 4 spell levels left.
You didn't know any spells.

Dungeon Overview and Level Annotations

Branches:
Dungeon (4/15)
 Temple: D:4-7

Altars:
Ru
Vehumet


Innate Abilities, Weirdness & Mutations

You have razor-sharp teeth.
You have supernaturally acute eyesight.
You can survive without breathing.


Message History

You closely miss the orc wizard. Your bite misses the orc wizard.
The orc wizard is almost dead.
You feel sick. The scorpion stings you.
The orc wizard gestures at you while chanting.
The puff of flame hits you!
* * * LOW HITPOINT WARNING * * *
The orc misses you.
You hit the orc wizard but do no damage.
The orc wizard is almost dead.
The scorpion barely misses you. The orc wizard barely misses you.
The orc closely misses you.
You hit the orc wizard.
You kill the orc wizard!
You feel sick. The scorpion misses you. The orc closely misses you.
Things that are here:
a dagger; a robe; an orc corpse You closely miss the orc.
You feel sick. The orc completely misses you. The scorpion stings you.
You die...

#.### <...
#... ..# ).#
###
#.###.###....
#...@o.......
#.###s.......
#<.###.##
#..# #..#
.... #....
#.###. #.# ..


You could see a scorpion and an orc.

Vanquished Creatures
  3 orc wizards
  4 adders
  2 oozes
  2 worms (D:2)
  A giant gecko (D:1)
  7 orcs
  A ball python (D:2)
  2 giant cockroaches (D:1)
  5 goblins
  5 hobgoblins
  6 jackals
  9 bats
  3 giant newts
  11 kobolds
  A quokka (D:3)
  7 rats
69 creatures vanquished.

Vanquished Creatures (others)
  A giant cockroach (D:3)
1 creature vanquished.

Grand Total: 70 creatures vanquished

Notes
Turn   | Place    | Note
--------------------------------------------------------------
     0 | D:1      | dohliylev the Vampire Assassin began the quest for the Orb.
     0 | D:1      | Reached XP level 1. HP: 16/16 MP: 1/1
    83 | D:1      | Reached skill level 6 in Stealth
   172 | D:1      | Reached XP level 2. HP: 20/22 MP: 2/2
   537 | D:2      | Found a sacrificial altar of Ru.
   547 | D:2      | Reached skill level 7 in Stealth
   547 | D:2      | Reached XP level 3. HP: 23/27 MP: 3/3
   624 | D:2      | Reached XP level 4. HP: 24/33 MP: 4/4
   689 | D:2      | Reached skill level 8 in Stealth
   936 | D:2      | Found a faded altar to an unknown god.
  1629 | D:3      | Found a radiant altar of Vehumet.
  1677 | D:3      | Reached XP level 5. HP: 28/38 MP: 5/5
  1817 | D:3      | Reached skill level 9 in Stealth
  2060 | D:4      | Slain by a scorpion

Action                   |  1- 3 |  4- 6 || total
-------------------------+-------+-------++-------
Melee: Dagger            |    55 |   123 ||   178
 Fire: Blowgun           |       |     6 ||     6
 Stab: Sleeping          |     8 |    29 ||    37
       Paralysed         |     1 |       ||     1
       Distracted        |       |     1 ||     1
  Eat: Corpse            |     1 |     5 ||     6
